 Dungeon Crawl Stone Soup version 0.22.1-1-ga44c0e5 (webtiles) character file.

1642 Bodigarde the Ruffian (level 8, -16/70 HPs)
             Began as a Ghoul Fighter on Oct 14, 2018.
             Was a Believer of Nemelex Xobeh.
             Killed from afar by a wretched star (18 damage)
             ... with an orb of energy
             ... on level 1 of the Abyss.
             The game lasted 00:28:09 (5464 turns).

Bodigarde the Ruffian (Ghoul Fighter)               Turns: 5464, Time: 00:28:10

Health: -16/70     AC: 14    Str: 23    XL:     8   Next: 99%
Magic:  9/9        EV:  6    Int:  4    God:    Nemelex Xobeh [**....]
Gold:   265        SH: 10    Dex:  9    Spells: 7/7 levels left

rFire    . . .     SeeInvis .     - Unarmed
rCold    + . .     Gourm    .   b - +0 shield
rNeg     + + +     Faith    .   e - +0 plate armour
rPois    ∞         Spirit   .   r - +0 helmet
rElec    .         Reflect  .   (no cloak)
rCorr    .         Harm     .   (no gloves)
MR       .....                  u - +0 pair of boots
Stlth    ..........             (no amulet)
HPRegen  0.00/turn              g - ring of flight
MPRegen  0.11/turn              s - +3 ring of strength

@: about to teleport, rotting
A: rotting body, claws 1, carnivore, cold resistance 1, negative energy
resistance 3, inhibited regeneration, torment resistance, unbreathing
a: Renounce Religion, Evoke Flight


You were on level 1 of the Abyss.
You worshipped Nemelex Xobeh.
Nemelex Xobeh was pleased with you.
You were not hungry.

You visited 1 branch of the dungeon, and saw 7 of its levels.
You visited the Abyss 1 time.

You collected 377 gold pieces.
You spent 112 gold pieces at shops.

Inventory:

Missiles
 o - 145 stones (quivered)
Armour
 b - a +0 shield (worn)
 e - a +0 plate armour (worn)
 r - a +0 helmet (worn)
 u - a +0 pair of boots (worn)
Jewellery
 g - a ring of flight (left claw)
 s - a +3 ring of strength (right claw)
Wands
 x - a wand of iceblast (9)
 y - a wand of disintegration (9)
Scrolls
 k - a scroll of amnesia
 m - 3 scrolls of remove curse
 n - a scroll of magic mapping
 p - 2 scrolls of immolation {unknown}
 q - a scroll of fear {unknown}
 v - a scroll of teleportation
Potions
 c - 2 potions of might
 f - 2 potions of heal wounds {unknown}
 h - 2 potions of resistance {unknown}
 i - 2 potions of haste {unknown}
 j - 2 potions of ambrosia {unknown}
 l - 6 potions of curing
 w - a potion of magic {unknown}
Miscellaneous
 a - a plain deck of summoning {drawn: 3}
 t - a plain deck of summoning
Comestibles
 d - 17 rations


   Skills:
 + Level 5.7 Fighting
 + Level 4.8 Armour
 + Level 3.6 Dodging
 + Level 4.6 Shields
 * Level 7.0 Unarmed Combat
 + Level 3.1 Invocations


You had 7 spell levels left.
You didn't know any spells.
Your spell library contained the following spells:

 Spells                   Type           Power        Failure   Level  Hunger
 Sticks to Snakes         Tmut           #.......     100%        2    ###....
 Beastly Appendage        Tmut           Unusable     N/A         1    N/A
 Spider Form              Tmut/Pois      Unusable     N/A         3    N/A
 Ice Form                 Ice/Tmut       Unusable     N/A         4    N/A
 Blade Hands              Tmut           Unusable     N/A         5    N/A

Dungeon Overview and Level Annotations

Branches:
Dungeon (7/15)             Temple (0/1) D:5

Altars:
Elyvilon
Nemelex Xobeh
Sif Muna
Yredelemnul

Shops:
D:4 [

Annotations:
D:7 2 transporters, Anon1729's ghost, novice NaGl


Innate Abilities, Weirdness & Mutations

Your body is rotting away.
You thrive on raw meat.
You are immune to poison.
You have sharp fingernails.
You are carnivorous and can eat meat at any time.
Your flesh is cold resistant. (rC+)
You are immune to negative energy. (rN+++)
You do not regenerate when monsters are visible.
You are immune to unholy pain and torment.
You can survive without breathing.


Message History

As you read the scroll of teleportation, it crumbles to dust.
You feel strangely unstable.
You feel the power of the Abyss delaying your translocation!
The small abomination barely misses you.
The small abomination hits you but does no damage.
Okay, then.
You closely miss the small abomination.
The small abomination is heavily damaged.
The small abomination hits you.
You barely miss the small abomination.
The small abomination is heavily damaged.
The small abomination hits you!
* * * LOW HITPOINT WARNING * * *
The small abomination hits you.
* * * LOW HITPOINT WARNING * * *
A wretched star comes into view.
The wretched star glows turbulently.
The orb of energy hits you!
You die...
Your body glows slightly and disappears.

.# #..#..§# .......#
# #....5.##x..... #§
.#*.x..#..#.###
.#..#.....#.##.#..##
.. .#..######x....#.
.
..#.#...##.#.5......
#..##....x.####.#.
.# .....#.#.##....##
... #...@.# ####..
........## ##
.###..#.# ##.##. . .
.. .. #. .# .. .#


You could see a wretched star, an ancient zyme, a small abomination and a
quasit.

Vanquished Creatures
  An ogre (D:7)
  A centaur (D:7)
  A bullfrog (D:7)
  A wyvern skeleton (D:7)
  A scorpion (D:6)
  A scorpion (shapeshifter) (Abyss:1)
  7 killer bees (D:7)
  A vampire bat (D:3)
  A howler monkey (D:5)
  3 crimson imps
  An orc priest (D:4)
  2 jellies
  A centaur skeleton (D:5)
  Jessica (D:3)
  A bullfrog skeleton (D:5)
  An iguana (D:6)
  3 worker ants
  2 orc wizards
  4 gnolls
  6 adders
  A shadow imp (Abyss:1)
  2 oozes
  3 worms
  A dart slug (D:1)
  3 fire bats (D:3)
  5 leopard geckos
  11 orcs
  2 spectral bats (D:3)
  A ball python (D:3)
  3 bat skeletons (D:3)
  4 giant cockroaches
  10 goblins
  5 hobgoblins
  7 jackals
  A quokka (D:7)
  11 bats
  A bat simulacrum (D:3)
  2 frilled lizards (D:1)
  4 kobolds
  A quokka skeleton (D:5)
  6 rats
124 creatures vanquished.

Vanquished Creatures (collateral kills)
  A necrophage (D:7)
  A centaur (D:7)
  A crimson imp (D:7)
  A hound (D:7)
  An iguana (D:5)
  2 adders
  A shadow imp (D:5)
  A leopard gecko (D:5)
9 creatures vanquished.

Vanquished Creatures (others)
  A bat zombie (D:3)
1 creature vanquished.

Grand Total: 134 creatures vanquished

Notes
Turn   | Place    | Note
-------+----------+-------------------------------------------
     0 | D:1      | Bodigarde the Ghoul Fighter began the quest for the Orb.
     0 | D:1      | Reached XP level 1. HP: 19/19 MP: 0/0
   114 | D:1      | Reached XP level 2. HP: 26/26 MP: 1/1
   326 | D:1      | Reached XP level 3. HP: 31/31 MP: 2/2
  1006 | D:3      | Reached skill level 3 in Unarmed Combat
  1207 | D:2      | Reached skill level 1 in Dodging
  1207 | D:2      | Reached XP level 4. HP: 34/40 MP: 3/3
  1549 | D:3      | Found a sparkling altar of Nemelex Xobeh.
  1555 | D:3      | Noticed Jessica
  1587 | D:3      | Killed Jessica
  1587 | D:3      | Reached XP level 5. HP: 42/46 MP: 4/4
  1612 | D:3      | Became a worshipper of Nemelex Xobeh the Trickster
  1738 | D:3      | Found a deep blue altar of Sif Muna.
  1770 | D:3      | Received a gift from Nemelex Xobeh
  1869 | D:3      | Reached skill level 4 in Unarmed Combat
  2019 | D:3      | Reached XP level 6. HP: 51/52 MP: 5/5
  2569 | D:4      | Reached * piety under Nemelex Xobeh
  2981 | D:4      | Found Pusaveb's Antique Armour Boutique.
  2985 | D:4      | Bought a helmet for 112 gold pieces
  3020 | D:5      | Entered Level 5 of the Dungeon
  3037 | D:5      | Found a staircase to the Ecumenical Temple.
  3085 | D:5      | Reached skill level 5 in Unarmed Combat
  3100 | D:5      | Reached XP level 7. HP: 52/60 MP: 6/6
  3122 | D:5      | Received a gift from Nemelex Xobeh
  3497 | D:5      | Found a basalt altar of Yredelemnul.
  3555 | D:5      | Found a white marble altar of Elyvilon.
  3873 | D:6      | Reached skill level 1 in Invocations
  3936 | D:6      | Found a sparkling altar of Nemelex Xobeh.
  4321 | D:7      | Reached skill level 5 in Fighting
  4321 | D:7      | Reached XP level 8. HP: 63/66 MP: 8/8
  4372 | D:7      | Reached skill level 6 in Unarmed Combat
  4383 | D:7      | Reached ** piety under Nemelex Xobeh
  4626 | D:7      | Noticed Anon1729's ghost (novice NaGl)
  4636 | D:7      | Found a transporter.
  4638 | D:7      | Found a transporter.
  4995 | D:7      | Reached skill level 7 in Unarmed Combat
  5229 | D:7      | Cast into level 1 of the Abyss (orc wizard)
  5302 | Abyss:1  | Noticed a worldbinder
  5307 | Abyss:1  | Noticed a smoke demon
  5308 | Abyss:1  | Noticed a worldbinder
  5312 | Abyss:1  | Noticed an ironheart preserver
  5314 | Abyss:1  | Noticed a yaktaur
  5314 | Abyss:1  | Noticed a yaktaur
  5314 | Abyss:1  | Noticed a yaktaur
  5390 | Abyss:1  | Noticed a green death
  5419 | Abyss:1  | Noticed a tentacled starspawn
  5446 | Abyss:1  | Noticed an ancient zyme
  5459 | Abyss:1  | HP: 2/70 [small abomination (4)]
  5464 | Abyss:1  | Noticed a wretched star
  5464 | Abyss:1  | Killed from afar by a wretched star

Skill      XL: |  1  2  3  4  5  6  7  8 |
---------------+-------------------------+-----
Armour         | 3 4 |  4.8
Unarmed Combat | 3 4 5 7 |  7.0
Shields        | 3 4 |  4.6
Dodging        | 1 2 3 |  3.6
Fighting       | 4 5 |  5.7
Invocations    | 1 3 |  3.1

Action                   |  1- 3 |  4- 6 |  7- 9 || total
-------------------------+-------+-------+-------++-------
Melee: Unarmed           |   121 |   280 |   291 ||   692
Throw: Stone             |     1 |     6 |     1 ||     8
Evoke: Deck              |       |       |     3 ||     3
  Use: Scroll            |       |     3 |     7 ||    10
 Stab: Distracted        |       |       |     1 ||     1
  Eat: Chunk             |     5 |    11 |    16 ||    32
Armor: Plate armour      |    57 |   203 |   139 ||   399
       Scale mail        |     1 |       |       ||     1
Dodge: Dodged            |    10 |    50 |    53 ||   113
Block: Shield            |    48 |   135 |   129 ||   312
